 Dungeon Crawl Stone Soup version 0.29.1-2-gbd0b4ee654 (webtiles) character file.

Game seed: 18329727793463211130

30 JimmyDeans the Ruffian (level 3, 0/30 HPs)
             Began as a Hill Orc Gladiator on Oct 25, 2022.
             Was an Initiate of Qazlal.
             Slain by an adder (2 damage)
             ... on level 2 of the Dungeon.
             The game lasted 00:06:04 (491 turns).

JimmyDeans the Ruffian (Hill Orc Gladiator)          Turns: 491, Time: 00:06:30

Health: 0/30       AC:  4    Str: 18    XL:     3   Next: 18%
Magic:  3/3        EV: 12    Int:  8    God:    Qazlal [......]
Gold:   38         SH:  0    Dex: 12    Spells: 2/2 levels left

rFire   . . .      SeeInvis .     - Unarmed
rCold   . . .      Faith    .   (no shield)
rNeg    . . .      Spirit   .   a - +0 leather armour
rPois   .          Reflect  .   b - +0 helmet
rElec   .          Harm     .   (no cloak)
rCorr   .          Rampage  .   (no gloves)
Will    .....                   (no boots)
Stlth   +.........              (no amulet)
HPRegen 0.10/turn               (no ring)
MPRegen 0.08/turn               (no ring)

@: lethally poisoned (0 -> -3)
A: no striking features
a: Renounce Religion


You were on level 2 of the Dungeon.
You worshipped Qazlal.
Qazlal was noncommittal.
You visited 1 branch of the dungeon, and saw 2 of its levels.

You collected 38 gold pieces.

Inventory:

Missiles
 c - 3 throwing nets (quivered)
 d - 4 javelins
Armour
 a - a +0 leather armour (worn)
 b - a +0 helmet (worn)
Scrolls
 e - a scroll of amnesia {unknown}
 g - a scroll of blinking {unknown}
 h - a scroll of butterflies {unknown}


   Skills:
 + Level 2.6 Fighting
 + Level 2.0 Throwing
 + Level 3.0 Dodging
 + Level 3.7 Unarmed Combat


You had 2 spell levels left.
You didn't know any spells.
Your spell library contained the following spells:

 Spells                   Type           Power      Damage    Failure   Level
 Poisonous Vapours        Pois/Air       0%         N/A       61%         2
 Corpse Rot               Necr/Pois/Air  0%         N/A       99%         4


Dungeon Overview and Level Annotations

Branches:
Dungeon (2/15)

Altars:
Qazlal


Message History

You feel sick. The adder closely misses you.
Your Dodging skill increases to level 3!
You have reached level 3!
Your experience leads to an increase in your attributes!
Increase (S)trength, (I)ntelligence, or (D)exterity?
Uppercase letters only, please.
You feel stronger. x2
You feel better. The adder bites you but does no damage.
You barely miss the adder. The adder barely misses you.
You closely miss the adder. The adder bites you but does no damage.
The adder barely misses you. The adder attacks as you move away!
The adder bites you but does no damage.
A gnoll comes into view. It is wielding a +0 halberd.
The gnoll shouts!
You hear a shout!
You hear an angry hiss.
You barely miss the adder.
The adder hisses angrily.
The adder closely misses you.
A gnoll comes into view. It is wielding a +0 whip of holy wrath.
A gnoll comes into view. It is wielding a +0 whip.
You barely miss the adder.
The gnoll shouts!
The adder bites you but does no damage.
You hit the adder. Your punch misses the adder.
The adder is heavily wounded.
The adder bites you but does no damage. The adder closely misses you.
The adder bites you.
You are poisoned.
The adder poisons you!
You hit the adder.
The adder is severely wounded.
You feel sick. The adder closely misses you. The adder bites you.
The gnoll misses you.
You closely miss the adder. Your punch misses the adder.
The adder is severely wounded.
You feel sick. The adder barely misses you.
The adder bites you but does no damage.
The gnoll hits you from afar with a +0 halberd!
* * * LOW HITPOINT WARNING * * *
The adder bites you.
You die...

### .. #.### ####
#...# ###....
...##.......
#.......... #.###
#.....#....
#.g..g#S._..#....
#g.@S........
##.......##)#
#.##.#.## .#
#..#...###$#
##....##...
#......#.# #.#
#..####...## #.#
....# ##...# #.#
.### ##..# #.#


You could see 3 gnolls and 2 adders.

Vanquished Creatures
  A gnoll (D:2)
  A dart slug (D:1)
  An endoplasm (D:1)
  2 goblins (D:1)
  2 hobgoblins (D:1)
  2 quokkas (D:1)
  4 bats (D:1)
  A frilled lizard (D:1)
  3 kobolds (D:1)
  A rat (D:1)
18 creatures vanquished.

Notes
Turn   | Place    | Note
-------+----------+-------------------------------------------
     0 | D:1      | JimmyDeans the Hill Orc Gladiator began the quest for the
                  | Orb.
     0 | D:1      | Reached XP level 1. HP: 18/18 MP: 1/1
   136 | D:1      | Reached XP level 2. HP: 19/25 MP: 2/2
   469 | D:2      | Found a stormy altar of Qazlal.
   476 | D:2      | Became a worshipper of Qazlal Stormbringer
   483 | D:2      | Reached XP level 3. HP: 2/30 MP: 3/3
   491 | D:2      | Slain by an adder

Illustrated notes

Levels and vault maps discovered:
D:1:      dpeg_arrival_boxes_within_box, layout_loops_corners,
          basic_ecumenical_altar
D:2:      layout_rooms, basic_altar, minmay_tromino_i4

Skill      XL: |  1  2 |
---------------+-------+-----
Throwing       | 2 |  2.0
Dodging        | 3 |  3.0
Fighting       | |  2.6
Unarmed Combat | |  3.7

Action                   || total
-------------------------++-------
Melee: Unarmed           ||    74
       Punch             ||     1
  Use: Potion            ||     2
Armor: Leather armour    ||    30
Dodge: Dodged            ||    62
